 Dungeon Sprint DCSS version 0.26-a0-854-gdc81c2f471 (webtiles) character file.

Game seed: 3240125988167048647

483 MordorOrchid the Frost Mage (level 7, -4/59 HPs)
             Began as a Ghoul Ice Elementalist on Nov 22, 2020.
             Was a Follower of Sif Muna.
             Slain by an unseen horror (5 damage)
             ... in the Dungeon (Sprint IX: "|||||||||||||||||||||||||||||").
             The game lasted 00:05:18 (635 turns).

MordorOrchid the Frost Mage (Ghoul Ice Elementalist) Turns: 635, Time: 00:05:19

Health: -4/59      AC:  4    Str: 12    XL:     7   Next: 12%
Magic:  1/14       EV: 15    Int: 15    God:    Sif Muna [*.....]
Gold:   0          SH:  0    Dex: 12    Spells: 6/17 levels left

rFire    . . .     SeeInvis .   j - +2 rapier (distort)
rCold    + . .     Faith    .   (no shield)
rNeg     + + +     Spirit   .   a - +0 robe
rPois    ∞         Reflect  .   k - +0 helmet
rElec    .         Harm     .   l - +0 cloak
rCorr    .         Rampage  .   (no gloves)
MR       .....     NoTele   +   (no boots)
Stlth    ++........             (no amulet)
HPRegen  0.00/turn              m - +3 ring of dexterity
MPRegen  0.14/turn              n - +3 ring of intelligence

@: very slightly contaminated
A: rotting body, claws 1, cold resistance 1, negative energy resistance 3,
inhibited regeneration, torment resistance, unbreathing
a: Channel Magic, Renounce Religion


You were in the Dungeon.
You worshipped Sif Muna.
Sif Muna was aware of your devotion.
You visited 1 branch

Inventory:

Hand Weapons
 j - a +2 rapier of distortion (weapon)
Armour
 a - a +0 robe (worn)
 k - a +0 helmet (worn)
 l - a +0 cloak (worn)
Jewellery
 m - a +3 ring of dexterity (left claw)
 n - a +3 ring of intelligence (right claw)
Wands
 i - a wand of acid (10)
Scrolls
 e - 3 scrolls of remove curse
 g - 2 scrolls of blinking
 h - 2 scrolls of amnesia
Potions
 c - 5 potions of curing
 d - 2 potions of heal wounds
 f - 4 potions of magic


   Skills:
 - Level 4.0 Fighting
 * Level 5.9 Dodging
 - Level 2.1 Stealth
 - Level 4.0 Unarmed Combat
 * Level 5.7 Spellcasting
 * Level 4.4 Summonings
 + Level 10.6 Ice Magic


You had 6 spell levels left.
You knew the following spells:

 Your Spells              Type           Power        Failure   Level
a - Freeze                Ice            ####         1%          1
b - Frozen Ramparts       Ice            #####.       1%          3
s - Summon Ice Beast      Ice/Summ       ####....     7%          4
y - Ozocubu's Armour      Ice            #####...     1%          3

Your spell library contained the following spells:

 Spells                   Type           Power        Failure   Level
 Hailstorm                Conj/Ice       ###.....     17%         4


Dungeon Overview and Level Annotations

Branches:
Dungeon (1/1)

Altars:
Cheibriados
Dithmenos
Elyvilon
Fedhas
Gozag
Hepliaklqana
Kikubaaqudgha
Makhleb
Nemelex Xobeh
Okawaru
Qazlal
Ru
Sif Muna
Trog
Uskayaw
Vehumet
Wu Jian
Xom
Yredelemnul
Zin
The Shining One
Beogh
Jiyva
Lugonu


Innate Abilities, Weirdness & Mutations

Your body is rotting away.
You thrive by killing the living.
You are immune to poison.
You have sharp fingernails.
Your flesh is cold resistant. (rC+)
You are immune to negative energy. (rN+++)
You do not regenerate when monsters are visible.
You are immune to unholy pain and torment.
You can survive without breathing.


Message History

Sif Muna accepts your kill.
You feel better. Something hits you.
The frozen ramparts melt away.
You flicker back into view.
Something hits you but does no damage. Something hits you!
* * * LOW HITPOINT WARNING * * *
You hit something but do no damage.
Space bends around something.
Something hits you.
* * * LOW HITPOINT WARNING * * *
Something hits you.
* * * LOW HITPOINT WARNING * * *
Something hits you.
* * * LOW HITPOINT WARNING * * *
You swap places.
Something hits your ice beast!
Your ice beast dies!
Casting: Frozen Ramparts (safe; 1% risk of failure)
Confirm with . or Enter, or press ? or * to list all spells.
A chill wind blows around you. Something hits you.
You die...

▓.▓
▓.▓
▓[▓
▓†▓
▓.▓
▓'▓
▓†▓
▓Y▓
▓@▓
▓.▓
▓.▓
▓.▓
▓+▓


You could see a friendly ice beast (summoned).

Vanquished Creatures
  2 ice beasts (D)
  A sky beast (D)
  A scorpion (D)
  A hound (D)
  An orc wizard (D)
  A white imp (D)
  A dart slug (D)
  A leopard gecko (D)
  A hobgoblin (D)
  A jackal (D)
  A ball python skeleton (D)
  A frilled lizard (D)
  A rat (D)
14 creatures vanquished.

Vanquished Creatures (collateral kills)
  A yak (D)
1 creature vanquished.

Grand Total: 15 creatures vanquished

Notes
Turn   | Place    | Note
-------+----------+-------------------------------------------
     0 | D        | MordorOrchid the Ghoul Ice Elementalist began the quest for
                  | the Orb.
     0 | D        | Reached XP level 1. HP: 14/14 MP: 2/2
     6 | D        | Reached skill level 1 in Fighting
     6 | D        | Reached skill level 1 in Unarmed Combat
    24 | D        | Reached XP level 2. HP: 15/25 MP: 1/3
    42 | D        | Noticed an ice beast
    50 | D        | Reached XP level 3. HP: 16/33 MP: 0/5
    56 | D        | Learned a level 3 spell: Frozen Ramparts
    60 | D        | Learned a level 3 spell: Ozocubu's Armour
   391 | D        | Killed an ice beast
   392 | D        | Reached skill level 7 in Ice Magic
   392 | D        | Reached XP level 4. HP: 14/40 MP: 6/8
   392 | D        | Reached XP level 5. HP: 17/46 MP: 6/9
   407 | D        | Found a roughly hewn altar of Beogh.
   407 | D        | Found a snail-covered altar of Cheibriados.
   407 | D        | Found a shadowy altar of Dithmenos.
   407 | D        | Found a white marble altar of Elyvilon.
   407 | D        | Found a blossoming altar of Fedhas.
   407 | D        | Found an opulent altar of Gozag.
   408 | D        | Found a hazy altar of Hepliaklqana.
   409 | D        | Found a viscous altar of Jiyva.
   410 | D        | Found an ancient bone altar of Kikubaaqudgha.
   411 | D        | Found a corrupted altar of Lugonu.
   412 | D        | Found a burning altar of Makhleb.
   413 | D        | Found a sparkling altar of Nemelex Xobeh.
   414 | D        | Found an iron altar of Okawaru.
   415 | D        | Found a stormy altar of Qazlal.
   416 | D        | Found a sacrificial altar of Ru.
   417 | D        | Found a shimmering blue altar of Sif Muna.
   418 | D        | Found a bloodstained altar of Trog.
   419 | D        | Found a hide-covered altar of Uskayaw.
   420 | D        | Found a radiant altar of Vehumet.
   421 | D        | Found an ornate altar of the Wu Jian Council.
   422 | D        | Found a shimmering altar of Xom.
   423 | D        | Found a basalt altar of Yredelemnul.
   424 | D        | Found a glowing silver altar of Zin.
   425 | D        | Became a worshipper of Sif Muna the Loreminder
   426 | D        | Found a glowing golden altar of the Shining One.
   470 | D        | Learned a level 4 spell: Summon Ice Beast
   607 | D        | Noticed an ice beast
   607 | D        | Noticed a sky beast
   607 | D        | Noticed a yak
   613 | D        | Reached skill level 1 in Summonings
   617 | D        | Killed an ice beast
   618 | D        | Reached skill level 5 in Dodging
   618 | D        | Reached skill level 9 in Ice Magic
   618 | D        | Reached XP level 6. HP: 36/52 MP: 9/11
   623 | D        | Killed a sky beast
   623 | D        | Reached * piety under Sif Muna
   624 | D        | Reached skill level 5 in Spellcasting
   625 | D        | Killed a yak
   626 | D        | Reached skill level 10 in Ice Magic
   626 | D        | Reached XP level 7. HP: 32/59 MP: 3/14
   633 | D        | HP: 1/59 [something (4)]
   635 | D        | Slain by an unseen horror

Illustrated notes

Levels and vault maps discovered:
D:        linesprint [early_d, line_temple, items_1, d_10, items_2, lair_1,
          lair_end, items_3, orc_1, orc_end, items_4, d_15, swamp_1, shoals_1,
          snake_1, spider_1, d_20, vaults_1, items_5, swamp_end, shoals_end,
          snake_end, spider_end, vaults_end, d_27, items_6, zot_1, zot_end,
          crypt_end, forest_end, elf_end, slime_end, tomb_end, abyss_end,
          pan_hell_end]

Skill      XL: |  1  2  3  4  5  6 |
---------------+-------------------+-----
Fighting       | 2 3 4 |  4.0
Unarmed Combat | 2 3 4 |  4.0
Dodging        | 2 4 5 |  5.9
Spellcasting   | 2 3 4 5 |  5.7
Ice Magic      | 7 9 10 | 10.6
Summonings     | 2 4 |  4.4
Stealth        | |  2.1

Action                   |  1- 3 |  4- 6 |  7- 9 || total
-------------------------+-------+-------+-------++-------
Melee: Unarmed           |    57 |     7 |       ||    64
       Rapier            |       |    12 |     4 ||    16
 Cast: Freeze            |     5 |       |       ||     5
       Summon Ice Beast  |       |     1 |     1 ||     2
       Frozen Ramparts   |       |     1 |       ||     1
  Use: Potion            |     2 |     1 |       ||     3
 Stab: Sleeping          |       |     1 |       ||     1
       Invisible         |       |     1 |       ||     1
Armor: Robe              |     4 |     1 |     3 ||     8
Dodge: Dodged            |    27 |    16 |     1 ||    44

Table legend: (Time is in decaauts)
 A = Elapsed time spent in this place.
 B = Non-inter-level travel time spent in this place.
 C = Inter-level travel time spent in this place.
 D = Time resting spent in this place.
 E = Time spent auto-exploring this place.
 F = Levels seen in this place.
 G = Mean time per level.
                   A        B        C        D        E       F      G
               +--------+--------+--------+--------+--------+-----+--------+
         Total |    613 |    613 |      0 |    411 |      0 |   1 |  613.0 |
       Dungeon |    613 |    613 |      0 |    411 |      0 |   1 |  613.0 |
               +--------+--------+--------+--------+--------+-----+--------+

Top non-repeatable levels by time:
       D: 613 daAuts
